 Dungeon Crawl Stone Soup version 0.30.1-4-g462c640d31 (webtiles) character file.

Game seed: 4107667893888696795

64 Peloso the Trooper (level 4, -1/40 HPs)
             Began as a Hill Orc Fighter on Aug 27, 2023.
             Slain by a rat (3 damage)
             ... on level 2 of the Dungeon.
             The game lasted 00:05:00 (1511 turns).

Peloso the Trooper (Hill Orc Fighter)               Turns: 1511, Time: 00:05:00

Health: -1/40      AC:  6    Str: 18    XL:     4   Next: 12%
Magic:  0/4        EV:  9    Int:  8    God:
Gold:   125        SH:  4    Dex: 12    Spells: 3/3 levels left

rFire   . . .        a - +0 falchion (holy)
rCold   . . .        c - +0 buckler
rNeg    + . .        b - +0 scale mail
rPois   .            (no helmet)
rElec   .            (no cloak)
rCorr   .            (no gloves)
SInv    .            (no boots)
Will    .....        g - amulet of guardian spirit Stlth
                     e - ring of positive energy
HPRegen 0.26/turn    (no ring)
MPRegen 0.09/turn

%: guardian spirit
@: no status effects
A: no striking features
a: no special abilities


You were on level 2 of the Dungeon.
You visited 1 branch of the dungeon, and saw 3 of its levels.

You collected 125 gold pieces.

Inventory:

Hand Weapons
 a - a +0 falchion of holy wrath (weapon)
Missiles
 l - a throwing net (quivered)
Armour
 b - a +0 scale mail (worn)
 c - a +0 buckler (worn)
Jewellery
 e - a ring of positive energy (left hand)
 g - an amulet of guardian spirit (around neck)
 h - a ring of fire
Scrolls
 f - a scroll of blinking {unknown}
 j - a scroll of noise {unknown}
 k - a scroll of magic mapping {unknown}
 m - 2 scrolls of identify {unknown}
 o - 2 scrolls of amnesia {unknown}
Potions
 d - 2 potions of might
 i - 3 potions of curing {unknown}
 n - a potion of cancellation {unknown}


   Skills:
 + Level 4.0 Fighting
 + Level 3.4 Long Blades
 + Level 3.6 Armour
 + Level 0.4 Dodging
 + Level 0.1 Stealth
 + Level 3.8 Shields


You had 3 spell levels left.
You didn't know any spells.
Your spell library contained the following spells:

 Spells                   Type           Power      Damage    Failure   Level
 Ozocubu's Armour         Ice            0%         N/A       99%         3
 Ozocubu's Refrigeration  Ice            0%         4d7       100%        7


Dungeon Overview and Level Annotations

Branches:
Dungeon (3/15)

Altars:
Yredelemnul


Message History

You are frozen.
You slash the worm!
The worm is heavily wounded.
The rat twitches its whiskers.
The rat barely misses you.
The endoplasm hits you but does no damage.
The worm bites you.
You hit the worm.
The worm is heavily wounded.
The rat closely misses you. The endoplasm freezes you.
You are frozen.
* * * LOW HITPOINT WARNING * * *
You block the rat's attack. The endoplasm freezes you.
You are frozen.
* * * LOW HITPOINT WARNING * * *
You block the worm's attack.
You hit the worm but do no damage.
The worm is heavily wounded.
The rat barely misses you.
The endoplasm hits you but does no damage.
Unknown command.
You barely miss the worm.
The worm is heavily wounded.
The worm bites you.
* * * LOW HITPOINT WARNING * * *
The rat bites you.
* * * LOW HITPOINT WARNING * * *
You block the endoplasm's attack.
You hit the worm.
The worm is severely wounded.
The rat bites you.
* * * LOW HITPOINT WARNING * * *
The endoplasm barely misses you. You block the worm's attack.
Unknown command.
You barely miss the worm.
The worm is severely wounded.
The rat bites you.
You die...

.#..#.##..# #...# ##.#.##......
.#........#####...###.###.###....
.####.###............## ##.##..#.
.# #.#.............## ##....#. .#
#.#.#............## ##.....## .#
#.).#######...###.###..#...## .#
##..# #...# ##.#.#.###... ##
##..### #).†# ##.......#..
#.....# #r@w# #.##.##.#.#
#####.....# #.[J# #.##.##.#.#
..........#####...# #.##.......
#####............## #.#####.#.#
#####.....#############.#####.#..
.......(.....##...[..##.......###
######.....÷÷...............### #
#.##.##.)#.##...####...# #
#.##................#.##


You could see a worm, an endoplasm and a rat.

Vanquished Creatures
  An adder (D:2)
  A dart slug (D:1)
  8 orcs (D:2)
  4 endoplasms
  8 goblins
  3 hobgoblins
  3 kobolds
  2 quokkas
  3 ball pythons
  5 bats
  2 frilled lizards
40 creatures vanquished.

Notes
Turn   | Place    | Note
-------+----------+-------------------------------------------
     0 | D:1      | Peloso the Hill Orc Fighter began the quest for the Orb.
     0 | D:1      | Reached XP level 1. HP: 19/19 MP: 1/1
   165 | D:1      | Found a faded altar of an unknown god.
   241 | D:1      | Reached XP level 2. HP: 27/27 MP: 2/2
   783 | D:2      | Reached XP level 3. HP: 33/33 MP: 3/3
   995 | D:2      | Found a basalt altar of Yredelemnul.
  1401 | D:2      | Reached XP level 4. HP: 32/40 MP: 2/4
  1412 | D:2      | Reached skill level 4 in Fighting
  1510 | D:2      | HP: 2/40 [rat (1)]
  1511 | D:2      | Slain by a rat

Illustrated notes

Levels and vault maps discovered:
D:1:      sevenhm_arrival_forest_fort_large_4, layout_rooms,
          shapermc_ecumenical_altar_ellora
D:2:      layout_loops_cross, basic_altar
D:3:      layout_rooms

Skill      XL: |  1  2  3  4 |
---------------+-------------+-----
Long Blades    | 3 |  3.4
Fighting       | 4 |  4.0
Armour         | |  3.6
Dodging        | |  0.4
Stealth        | |  0.1
Shields        | |  3.8

Action                     |  1- 3 |  4- 6 || total
---------------------------+-------+-------++-------
  Melee: Long sword        |   130 |     7 ||   137
         Falchion          |       |    16 ||    16
 Armour: Scale mail        |    76 |    15 ||    91
  Dodge: Dodged            |    82 |    18 ||   100
  Block: Buckler           |    39 |     9 ||    48
